AoeStats
← 宫水三叶

MegaRandom

505493973Analyzed
4v4 RM · 24d ago on Sep 9, 2026· 77m 10s· 8 players
Game mode
Random Map
Map size
Large (8 player)
Population
200
Speed
Normal
Resources
Standard
Victory
Conquest
Starting age
Dark Age
Ending age
Imperial Age
RankedLock teamsTeams togetherTeam positionsShared explorationLock speedFull tech treeHidden civsTurbo modeCheats
Victory
Defeat
🇨🇿 Bulgarians · Czechia
946
+14
🇪🇸 Chinese · Spain
934
+15
🇬🇧 Maya · United Kingdom
918
+15
🇬🇧 Romans · United Kingdom
892
+16
🇨🇳 Khmer · China
1030
-20
🇩🇰 Koreans · Denmark
943
-17
🇵🇰 Hindustanis · Pakistan
884
-14
🇨🇳 Sicilians · China
749
-9
Hannibal Barca
5:27 Loom
13:57 Feudal Age
18:29 Castle Age
18:45 Double-Bit Axe
18:42 Horse Collar
18:56 Stone Mining
21:34 Bow Saw
22:19 Wheelbarrow
23:45 Heavy Plow
29:47 Gold Mining
33:34 Imperial Age
31:34 Man-at-Arms
32:22 Ballistas
33:49 Scale Barding Armor
33:49 Scale Mail Armor
34:00 Forging
34:20 Ballistics
34:12 Fortified Wall
34:12 Masonry
34:38 Conscription
33:44 Heavy Scorpion
35:05 Caravan
34:51 Long Swordsman
35:31 Squires
36:24 Hand Cart
35:55 Town Watch
35:44 Legionary
36:51 Murder Holes
37:58 Chemistry
37:08 Pikeman
40:54 Guilds
41:29 Chain Mail Armor
41:12 Halberdier
44:08 Siege Engineers
44:35 Architecture
46:15 Chain Barding Armor
46:30 Iron Casting
46:09 Bloodlines
46:00 Husbandry
55:01 Comitatenses
67:17 Elite Centurion
69:26 Capped Ram
70:27 Siege Ram
Txokolate
0:28 Loom
13:13 Feudal Age
18:46 Castle Age
16:42 Stone Mining
16:50 Double-Bit Axe
19:29 Gold Mining
27:28 Horse Collar
27:37 Man-at-Arms
29:08 Wheelbarrow
31:54 Imperial Age
29:36 Town Watch
30:04 Fletching
30:15 Padded Archer Armor
30:20 Heavy Plow
30:33 Bow Saw
30:25 Squires
31:45 Bodkin Arrow
32:43 Forging
34:48 Conscription
36:10 Hand Cart
35:46 Long Swordsman
36:12 Arson
36:12 Capped Ram
37:16 Caravan
40:25 Two-Man Saw
40:05 Two-Handed Swordsman
41:30 Champion
41:30 Pikeman
43:42 Chemistry
43:07 Ballistics
44:25 Gold Shaft Mining
44:26 Stone Shaft Mining
45:19 Scale Mail Armor
45:55 Iron Casting
45:21 Bracer
45:36 Leather Archer Armor
50:08 Heavy Rocket Cart
51:59 Masonry
52:22 Ring Archer Armor
52:53 Blast Furnace
52:09 Chain Mail Armor
51:41 Halberdier
53:17 Architecture
53:39 Elite Chu Ko Nu
58:06 Rocketry
66:21 Siege Ram
Archon
13:29 Feudal Age
11:47 Loom
14:47 Fishing Lines
21:17 Castle Age
24:00 Double-Bit Axe
24:00 Horse Collar
24:20 Gillnets
24:51 Bow Saw
25:16 Heavy Plow
28:36 Wheelbarrow
27:46 Town Watch
33:03 Hand Cart
34:03 Forging
33:53 Scale Mail Armor
33:58 Scale Barding Armor
35:20 Gold Mining
35:20 Stone Mining
38:03 Imperial Age
35:34 Town Patrol
36:11 Iron Casting
35:51 Chain Mail Armor
35:57 Chain Barding Armor
36:21 Ballistics
36:16 Masonry
36:01 Murder Holes
36:06 Stirrups
39:32 Conscription
38:33 Elite Konnik
39:39 Caravan
40:01 Pikeman
40:42 Squires
40:52 Onager
47:07 Siege Engineers
48:05 Chemistry
50:21 Plate Mail Armor
51:03 Blast Furnace
50:35 Halberdier
51:00 Arson
55:03 Plate Barding Armor
57:21 Siege Onager
57:59 Elite Skirmisher
60:41 Padded Archer Armor
60:32 Fletching
62:17 Leather Archer Armor
61:57 Bodkin Arrow
63:49 Architecture
74:10 Bracer
MS2GUD1068
0:58 Loom
12:39 Feudal Age
17:56 Castle Age
15:48 Fletching
15:58 Padded Archer Armor
15:47 Double-Bit Axe
17:10 Stone Mining
17:12 Gold Mining
21:54 Thumb Ring
25:45 Ballistics
26:11 Wheelbarrow
25:23 Town Watch
25:56 Bow Saw
27:33 Town Patrol
27:58 Scale Mail Armor
30:26 Bodkin Arrow
30:42 Forging
32:13 Hand Cart
36:07 Horse Collar
37:21 Leather Archer Armor
37:41 Iron Casting
37:22 Chain Mail Armor
39:18 Eagle Warrior
40:10 Squires
39:57 Arson
46:58 Imperial Age
46:15 Caravan
47:30 Elite Eagle Warrior
51:53 Guilds
54:48 Elite Plumed Archer
56:04 Holcans
56:00 Conscription
62:29 Plate Mail Armor
63:02 Two-Man Saw
62:07 Heavy Plow
StefaN1337
10:33 Loom
14:27 Feudal Age
14:59 Double-Bit Axe
14:56 Horse Collar
15:27 Gold Mining
15:28 Stone Mining
16:41 Arson
20:12 Castle Age
18:26 Scale Mail Armor
18:36 Forging
18:47 Fishing Lines
22:26 Wheelbarrow
21:40 Town Watch
22:34 Gold Shaft Mining
22:37 Stone Shaft Mining
22:13 Bow Saw
22:44 Heavy Plow
23:41 Gillnets
24:46 Squires
25:04 Chain Mail Armor
26:38 Iron Casting
27:30 Hand Cart
28:17 Town Patrol
30:37 First Crusade
31:16 Clinker Construction
35:07 Imperial Age
33:57 Scale Barding Armor
35:25 Bloodlines
35:15 Husbandry
34:36 Light Cavalry
35:09 Elite Serjeant
36:10 Conscription
36:22 Plate Mail Armor
36:52 Blast Furnace
36:14 Chain Barding Armor
35:57 Murder Holes
36:09 Siege Engineers
37:18 Hauberk
36:36 Cavalier
39:56 Hoardings
40:57 Plate Barding Armor
42:31 Crop Rotation
42:18 Masonry
46:07 Demolition Ship
51:06 Chemistry
50:27 Ballistics
50:05 Heated Shot
50:10 Arrowslits
57:37 Capped Ram
60:04 Fletching
62:47 Siege Ram
63:59 Bodkin Arrow
67:49 Herbal Medicine
maltheh9797
3:07 Loom
14:53 Feudal Age
16:55 Double-Bit Axe
19:58 Castle Age
23:04 Wheelbarrow
22:43 Bow Saw
25:04 Town Watch
26:52 Hand Cart
27:00 Horse Collar
30:58 Fletching
31:57 Thumb Ring
31:13 Elite Skirmisher
34:38 Imperial Age
33:01 Ballistics
32:53 Crossbowman
34:52 Bodkin Arrow
37:50 Chemistry
43:15 Husbandry
42:36 Light Cavalry
44:13 Hussar
46:17 Elite War Wagon
47:18 Conscription
48:07 Scale Barding Armor
48:12 Forging
49:12 Chain Barding Armor
51:22 Iron Casting
52:43 Scale Mail Armor
60:05 Bracer
63:58 Arbalester
Sherdil
5:03 Loom
12:39 Feudal Age
17:54 Castle Age
23:45 Gold Mining
29:50 Fletching
38:10 Scale Barding Armor
38:16 Forging
43:50 Gold Shaft Mining
44:04 Chain Barding Armor
46:48 Iron Casting
50:48 Imperial Age
48:57 Wheelbarrow
50:08 Murder Holes
50:36 Ballistics
50:33 Pikeman
52:42 Conscription
51:46 Siege Elephant
55:03 Bloodlines
55:28 Husbandry
56:20 Light Cavalry
57:59 Hand Cart
57:08 Hussar
66:39 Horse Collar
72:31 Double-Bit Axe
宫水三叶
13:27 Feudal Age
17:44 Castle Age
16:33 Double-Bit Axe
16:48 Horse Collar
18:35 Bow Saw
18:47 Heavy Plow
22:19 Wheelbarrow
24:01 Hand Cart
25:43 Stone Mining
26:16 Forging
26:06 Scale Mail Armor
26:13 Scale Barding Armor
27:45 Stone Shaft Mining
27:23 Husbandry
27:34 Bloodlines
31:28 Iron Casting
31:26 Chain Barding Armor
34:37 Imperial Age
33:00 Loom
34:46 Tusk Swords
35:48 Conscription
34:48 Elite Ballista Elephant
35:30 Double Crossbow
36:38 Blast Furnace
36:13 Plate Barding Armor
36:14 Crop Rotation
37:45 Chemistry
37:05 Ballistics
40:12 Light Cavalry
45:21 Hussar
69:49 Heavy Scorpion
Connection lost

Rejoining the realm…

Still unreachable

The connection could not be restored.

Session expired

The server has moved on; the page needs a fresh start.